 Dungeon Crawl Stone Soup version 0.19-a0-1937-g70ed36a (webtiles) character file.

256 varam the Conjurer (level 5, 0/28 HPs)
             Began as a Deep Elf Conjurer on Oct 26, 2016.
             Killed by divine providence
             ... invoked by an orc priest
              (15 damage)
             ... on level 3 of the Dungeon.
             The game lasted 00:11:06 (2734 turns).

varam the Conjurer (Deep Elf Conjurer)              Turns: 2734, Time: 00:11:06

Health: 0/28       AC:  7    Str:  6    XL:     5   Next: 92%
Magic:  8/11       EV: 12    Int: 20    God:
Gold:   93         SH:  0    Dex: 15    Spells: 3 memorised, 2 levels left

rFire  . . .     SeeInvis .     v - +1 war axe (elec)
rCold  . . .     Gourm    .     e - +3 leather armour
rNeg   . . .     Faith    .     (no shield)
rPois  .         Spirit   .     g - +0 helmet
rElec  .         Reflect  .     (no cloak)
rCorr  .         Harm     .     (no gloves)
MR     .....                    (no boots)
Stlth  ++........               (no amulet)
                                (no ring)
                                (no ring)

@: no status effects
A: no striking features
a: no special abilities


You were on level 3 of the Dungeon.
You were not hungry.

You visited 1 branch of the dungeon, and saw 4 of its levels.

You collected 93 gold pieces.

Inventory:

Hand Weapons
 p - a +1 whip of venom
 v - a +1 war axe of electrocution (weapon)
Missiles
 w - 3 steel tomahawks (quivered)
Armour
 a - a +0 robe
 e - a +3 leather armour (worn)
 g - a +0 helmet (worn)
Scrolls
 d - a scroll of identify {@r1}
 i - 3 scrolls of teleportation
 n - 2 scrolls of enchant weapon
 q - 3 scrolls of immolation
 s - 2 scrolls of fog
 A - 2 scrolls of magic mapping
Potions
 f - 2 potions of berserk rage {unknown}
 h - 2 potions of degeneration {unknown}
 j - a potion of magic {unknown}
 r - a potion of beneficial mutation {unknown}
 z - a potion of haste {unknown}
Books
 b - a book of Conjurations

   Spells                             Type                      Level
   a - Magic Dart                     Conjuration                  1
   b - Searing Ray                    Conjuration                  2
   c - Dazzling Spray                 Conjuration/Hexes            3
   d - Fulminant Prism                Conjuration/Hexes            4
   e - Iskenderun's Mystic Blast      Conjuration                  4
   f - Iskenderun's Battlesphere      Conjuration/Charms           5
Comestibles
 c - 5 bread rations
 k - 2 meat rations
 m - 5 fruits
 o - a royal jelly
 t - a beef jerky
 u - 5 chunks of flesh
 x - a slice of pizza


   Skills:
 - Level 2.4 Dodging
 - Level 2.4 Stealth
 - Level 3.0 Spellcasting
 + Level 7.6 Conjurations
 + Level 2.2 Charms


You had 2 spell levels left.
You knew the following spells:

 Your Spells              Type           Power        Failure   Level  Hunger
a - Magic Dart            Conj           ####         1%          1    None
b - Searing Ray           Conj           ####..       1%          2    ##.....
c - Iskenderun's Battles  Conj/Chrm      ###.....     83%         5    ######.


Dungeon Overview and Level Annotations

Branches:
Dungeon (4/15)
 Temple: D:4-7

Altars:


Message History

The orc priest barely misses you.
You climb upwards.
There is a stone staircase leading down here.
Casting: Searing Ray
Confirm with . or Enter, or press ? or * to list all spells.
Aiming: Searing Ray
Press: ? - help, Shift-Dir - straight line, f - orc priest
Aim: an orc priest, wielding a club The searing ray misses the orc priest.
The orc barely misses you. The orc hits you.
The orc wizard points at you and mumbles some strange words.
You resist with some effort. The orc priest closely misses you.
The searing ray hits the orc priest.
The orc priest is moderately wounded.
The orc hits you but does no damage. The orc barely misses you.
The orc wizard closely misses you.
The orc priest mumbles some strange prayers to Beogh against you.
Beogh smites you!
Ouch! That really hurt!
You die...

#### ##.#.#
####.# #
#.#.# #.# #
#...# #.# #
##..# #.#
#..# #.#
##.# #.#
#.## #.#
#oo######.#
#o@o....#.#
#######.#.#
#.#.# #.#.#
#.#.# #.#.#
#.#.# #...#
#####


You could see an orc priest, an orc wizard and 2 orcs.

Vanquished Creatures
  A howler monkey (D:3)
  Terence (D:3)
  An orc wizard (D:3)
  A worker ant (D:4)
  4 gnolls (D:4)
  An adder (D:1)
  2 oozes
  An adder skeleton (D:4)
  2 worms
  4 dart slugs
  2 leopard geckos (D:3)
  6 orcs (D:3)
  3 giant cockroaches
  11 goblins
  8 hobgoblins
  3 jackals (D:3)
  A ball python (D:2)
  A ball python skeleton (D:4)
  5 bats
  A frilled lizard (D:1)
  8 kobolds
  4 rats
71 creatures vanquished.

Notes
Turn   | Place    | Note
-------+----------+-------------------------------------------
     0 | D:1      | varam the Deep Elf Conjurer began the quest for the Orb.
     0 | D:1      | Reached XP level 1. HP: 10/10 MP: 6/6
   271 | D:1      | Reached XP level 2. HP: 15/15 MP: 6/8
   287 | D:1      | Reached skill level 5 in Conjurations
   644 | D:1      | Learned a level 2 spell: Searing Ray
   726 | D:1      | Reached XP level 3. HP: 19/19 MP: 3/9
  1533 | D:2      | Reached skill level 6 in Conjurations
  1793 | D:3      | Noticed Terence
  1811 | D:3      | Killed Terence
  1811 | D:3      | Reached XP level 4. HP: 18/24 MP: 1/10
  2165 | D:3      | Reached skill level 7 in Conjurations
  2165 | D:3      | Reached XP level 5. HP: 28/28 MP: 2/11
  2435 | D:3      | Learned a level 5 spell: Iskenderun's Battlesphere
  2547 | D:4      | Reached skill level 1 in Charms
  2734 | D:3      | Killed from afar by an orc priest

Vault maps used:
D:1:      minmay_arrival_nine_rooms
D:3:      first_bread, minmay_quantized, uniq_terence
D:4:      kennysheep_big_flooded_room, serial_shops,
          nicolae_shop_temple_entry_statues_fountains

Skill      XL: |  1  2  3  4  5 |
---------------+----------------+-----
Conjurations   | 5 6 7 |  7.6
Charms         | 2 |  2.2
Dodging        | |  2.4
Stealth        | |  2.4
Spellcasting   | |  3.0

Action                   |  1- 3 |  4- 6 || total
-------------------------+-------+-------++-------
Melee: Unarmed           |     2 |       ||     2
       War axe           |       |    17 ||    17
 Cast: Magic Dart        |    75 |    36 ||   111
       Searing Ray       |     5 |     8 ||    13
  Use: Scroll            |     5 |     2 ||     7
  Eat: Chunk             |     3 |     3 ||     6
Armor: Ring mail         |    11 |     9 ||    20
       Leather armour    |       |     7 ||     7
Dodge: Dodged            |    13 |    24 ||    37
